 Dungeon Crawl Stone Soup version 0.28.0-47-ge53b351184 (webtiles) character file.

Game seed: 4833169736033490046

385 Peloso the Slasher (level 6, -2/55 HPs)
             Began as a Minotaur Fighter on Apr 29, 2022.
             Slain by a sky beast (5 damage)
             ... on level 4 of the Dungeon.
             The game lasted 00:04:57 (3633 turns).

Peloso the Slasher (Minotaur Fighter)               Turns: 3633, Time: 00:04:57

Health: -2/55      AC:  8    Str: 21    XL:     6   Next: 48%
Magic:  5/5        EV: 10    Int:  8    God:
Gold:   149        SH:  5    Dex: 11    Spells: 5/5 levels left

rFire   . . .      SeeInvis .   a - +0 long sword
rCold   + . .      Faith    +   c - +0 buckler
rNeg    . . .      Spirit   .   b - +0 scale mail
rPois   .          Reflect  .   (helmet restricted)
rElec   .          Harm     .   (no cloak)
rCorr   .          Rampage  .   n - +0 pair of gloves
Will    .....                   (no boots)
Stlth   ..........              m - amulet of Sogui {Faith rC+ Int+3}
HPRegen 0.18/turn               (no ring)
MPRegen 0.09/turn               (no ring)

@: no status effects
A: horns 2, retaliatory headbutt
a: no special abilities


You were on level 4 of the Dungeon.
You visited 1 branch of the dungeon, and saw 4 of its levels.

You collected 149 gold pieces.

Inventory:

Hand Weapons
 a - a +0 long sword (weapon)
Missiles
 f - 2 throwing nets (quivered)
Armour
 b - a +0 scale mail (worn)
 c - a +0 buckler (worn)
 n - a +0 pair of gloves (worn)
Jewellery
 m - the amulet of Sogui (around neck) {Faith rC+ Int+3}
   (You found it on level 4 of the Dungeon)

   [amulet of faith]

   It allows you to gain divine favour quickly.
   Int:       It affects your intelligence (+3).
   rC:        It protects you from cold.
 r - an amulet of magic regeneration
 s - a ring of wizardry
 v - a +4 ring of evasion
Wands
 l - a wand of iceblast (7)
Scrolls
 i - a scroll of noise {unknown}
 j - a scroll of magic mapping {unknown}
 o - 2 scrolls of fear {unknown}
 p - 3 scrolls of enchant armour {unknown}
 t - 2 scrolls of identify {unknown}
Potions
 d - a potion of might
 e - 2 potions of curing {unknown}
 g - 2 potions of haste {unknown}
 h - 2 potions of brilliance {unknown}
 k - a potion of cancellation {unknown}
 q - a potion of attraction {unknown}
 u - a potion of magic {unknown}


   Skills:
 + Level 4.8 Fighting
 + Level 5.4 Long Blades
 + Level 4.9 Armour
 + Level 1.7 Dodging
 + Level 0.2 Stealth
 + Level 5.0 Shields


You had 5 spell levels left.
You didn't know any spells.
Your spell library was empty.

Dungeon Overview and Level Annotations

Branches:
Dungeon (4/15)
 Temple: D:4-7

Altars:
Qazlal

Shops:
D:3 [


Innate Abilities, Weirdness & Mutations

You have a pair of horns on your head.
You reflexively headbutt those who attack you in melee.


Message History

The sky beast is almost dead.
The sky beast flickers out of sight!
Deactivating autopickup; reactivate with Ctrl-A.
Something hits you but does no damage.
You barely miss something.
A sky beast appears from thin air!
Reactivating autopickup.
You block the sky beast's attack.
You hit the sky beast but do no damage.
The sky beast is almost dead.
The sky beast flickers out of sight!
Deactivating autopickup; reactivate with Ctrl-A.
Something hits you but does no damage.
You barely miss something. Something hits you but does no damage.
You miss something. Your headbutt misses something.
Something hits you but does no damage. Something hits you.
* * * LOW HITPOINT WARNING * * *
Something shocks you.
* * * LOW HITPOINT WARNING * * *
You closely miss something. Something hits you but does no damage.
You closely miss something. Something hits you but does no damage.
You closely miss something. Something hits you but does no damage.
You miss something. Your headbutt misses something.
Something hits you but does no damage.
You miss something. Something hits you but does no damage.
You miss something. Your headbutt misses something.
Something hits you but does no damage.
You barely miss something. Something hits you.
* * * LOW HITPOINT WARNING * * *
Something shocks you.
* * * LOW HITPOINT WARNING * * *
A sky beast appears from thin air!
Reactivating autopickup.
The sky beast completely misses you.
Okay, then.
You miss the sky beast.
The sky beast is severely wounded.
The sky beast hits you.
* * * LOW HITPOINT WARNING * * *
The sky beast shocks you.
You die...

..# # #.# #
#.##.##.##<#
...o.?..){.# .#
####o#### #.#
#.......#
#.####.##.##o#
#.......#.##Y###
##.......#...@..#
#...>....#.#..#.#
.#.......>......#
###
#.......#.####.#
..###.......#...
.# #...........#
### #
#......#.##.#
.........##.#
.......####.#


You could see a sky beast and an orc.

Vanquished Creatures
  An ice beast (D:4)
  A water moccasin skeleton (D:4)
  2 hounds (D:4)
  Natasha (D:2)
  3 gnolls (D:2)
  3 adders (D:2)
  2 adder skeletons (D:4)
  A dart slug (D:3)
  14 orcs
  2 endoplasms (D:3)
  8 giant cockroaches
  7 goblins
  4 hobgoblins
  7 quokkas
  6 ball pythons
  8 bats
  5 frilled lizards
  3 kobolds
  11 rats
89 creatures vanquished.

Notes
Turn   | Place    | Note
-------+----------+-------------------------------------------
     0 | D:1      | Peloso the Minotaur Fighter began the quest for the Orb.
     0 | D:1      | Reached XP level 1. HP: 19/19 MP: 0/0
   186 | D:1      | Reached XP level 2. HP: 22/27 MP: 1/1
   824 | D:1      | Reached XP level 3. HP: 33/33 MP: 2/2
  1084 | D:2      | Reached skill level 1 in Dodging
  1202 | D:2      | Found a faded altar of an unknown god.
  1415 | D:2      | Reached XP level 4. HP: 17/40 MP: 3/3
  1902 | D:2      | Noticed Natasha
  1908 | D:2      | Killed Natasha
  2264 | D:3      | Reached XP level 5. HP: 46/46 MP: 4/4
  2406 | D:3      | Found a stormy altar of Qazlal.
  2547 | D:3      | Found Jauxzo's Antique Armour Shop.
  3111 | D:4      | Reached skill level 5 in Shields
  3147 | D:4      | Noticed an ice beast
  3152 | D:4      | Killed an ice beast
  3153 | D:4      | Reached XP level 6. HP: 53/53 MP: 5/5
  3188 | D:4      | Reached skill level 5 in Long Blades
  3280 | D:4      | Identified the amulet of Sogui {Faith rC+ Int+3}
  3599 | D:4      | Noticed a sky beast
  3633 | D:4      | Slain by a sky beast

Illustrated notes

Levels and vault maps discovered:
D:1:      dpeg_arrival_castle, layout_loops_corners
D:2:      layout_loops_ring, ebering_ecumenical_altar_rust, uniq_natasha
D:3:      layout_loops_corners, nicolae_qazlal_scattered_showers, serial_shops,
          shop, grunt_ministairs_7
D:4:      layout_loops_cross, hex_tiny

Skill      XL: |  1  2  3  4  5  6 |
---------------+-------------------+-----
Shields        | 4 5 |  5.0
Fighting       | 4 |  4.8
Dodging        | 1 |  1.7
Long Blades    | 3 4 5 |  5.4
Armour         | 4 |  4.9
Stealth        | |  0.2

Action                   |  1- 3 |  4- 6 || total
-------------------------+-------+-------++-------
Melee: Long sword        |    84 |   153 ||   237
       Headbutt          |     5 |    21 ||    26
  Use: Scroll            |       |     5 ||     5
Armor: Scale mail        |    47 |    66 ||   113
Dodge: Dodged            |    48 |    55 ||   103
Block: Buckler           |    32 |    26 ||    58
